[Event "ICC tourney 1904 (10 3)"]
[Site "Internet Chess Club"]
[Date "2020.07.05"]
[Round "4"]
[White "ChessMonkey123"]
[Black "pipandchuk"]
[Result "0-1"]
[ICCResult "White resigns"]
[WhiteElo "1372"]
[BlackElo "1308"]
[Opening "Giuoco Piano"]
[ECO "C53"]
[NIC "IG.02"]
[Time "13:48:29"]
[TimeControl "600+3"]

1. e4 e5 2. Nf3 Nc6 3. Bc4 Bc5 4. c3 d6 5. d4 exd4 6. cxd4 Bb4+ 7. Nbd2 Bg4
8. O-O Nf6 9. h3 Bh5 10. d5 Ne5 11. Bb5+ c6 12. dxc6 bxc6 13. Be2 O-O 14.
Qb3 Rb8 15. Qe3 Bc5 16. Qc3 Nxf3+ 17. Bxf3 Bxf3 18. Nxf3 Nxe4 19. Qc2 Re8
20. Bf4 Qb6 21. Rae1 Qxb2 22. Qxb2 Rxb2 23. Bg3 h6 24. Bf4 f5 25. Nd2 Nf6
26. Rxe8+ Nxe8 27. Re1 Nf6 28. Nc4 Rxf2 29. Bxd6 Re2+ 30. Kf1 Rxe1+ 31. Kxe1
Bxd6 32. Nxd6 g6 33. Nc8 a6 34. Ne7+ Kf7 35. Nxc6 Nd5 36. Ne5+ Kf6 37. Nd7+
Ke7 38. Nc5 a5 39. Kd2 Nf4 40. g3 Nxh3 41. Ke3 Ng5 42. Nb7 a4 43. a3 h5 44.
Nc5 Kd6 45. Nxa4 Ne4 46. Kf3 Nd2+ 47. Kf4 Ke6 48. Nc5+ Kf6 49. Nd7+ Ke6 50.
Nf8+ Kf7 51. Nd7 Ne4 52. Ne5+ Kf6 53. Nd7+ Ke6 54. Nf8+ Kf7 55. Nd7 Nc3 56.
Ne5+ Kf6 57. Nd7+ Ke7 58. Ne5 Kf6 59. Nd7+ Kg7 60. Kg5 Ne4+ 61. Kf4 Nd6 62.
Kg5 Ne4+ 63. Kf4 Kh6 64. Ne5 g5+ 65. Kxf5 Nxg3+ 66. Kf6 Ne4+ 67. Kf5 Nd6+
68. Kf6 g4 69. Nd3 g3 70. Nf4 h4 71. Ke5 Nc4+ 72. Kd4 Nxa3 73. Ke3 Kg5 74.
Kf3 Nc4 75. Nh3+ Kf5 76. Kg2 Nd2 77. Ng1 Kg4 78. Ne2 h3+ 79. Kh1 Ne4 80. Kg1
Ng5 81. Kh1 Kf3 82. Ng1+ Kg4 83. Ne2 Ne4 84. Kg1 Nf2 85. Kf1 h2 86. Ng1 h1=Q
{White resigns}
0-1

[Event "ICC tourney 1904 (10 3)"]
[Site "Internet Chess Club"]
[Date "2020.07.05"]
[Round "4"]
[White "Sricharan07"]
[Black "TheOrcaPro"]
[Result "1-0"]
[ICCResult "Black checkmated"]
[WhiteElo "1564"]
[BlackElo "1483"]
[Opening "King's Indian: London system"]
[ECO "A48"]
[NIC "QP.03"]
[Time "13:47:44"]
[TimeControl "600+3"]

1. d4 Nf6 2. Nf3 g6 3. Bf4 Bg7 4. e3 O-O 5. Be2 c6 6. h3 d6 7. O-O Nbd7 8.
c4 Qb6 9. Qc2 c5 10. d5 Nh5 11. Bh2 Bxb2 12. Nbd2 Bxa1 13. Rxa1 Ndf6 14. e4
Re8 15. Nf1 Ng7 16. Ne3 Bd7 17. Nd2 e6 18. f4 exd5 19. cxd5 Bb5 20. Bf3 c4
21. Nf1 c3 22. Rb1 Qc5 23. Kh1 Bxf1 24. Nxf1 b6 25. Rd1 Rac8 26. Bg1 Qb4 27.
Bd4 Nd7 28. Ne3 Qa3 29. Ng4 a5 30. Nh6+ Kf8 31. Bg4 Rc7 32. Rf1 Nc5 33. e5
dxe5 34. fxe5 Qb2 35. Qd1 c2 36. Qf3 Qxd4 37. Qxf7+ Rxf7 38. Rxf7#
{Black checkmated}
1-0

[Event "ICC tourney 1904 (10 3)"]
[Site "Internet Chess Club"]
[Date "2020.07.05"]
[Round "4"]
[White "kralj8"]
[Black "andrewhzhang"]
[Result "1-0"]
[ICCResult "Black resigns"]
[WhiteElo "1571"]
[BlackElo "1594"]
[Opening "Ruy Lopez: open, 6.d4"]
[ECO "C80"]
[NIC "RL.12"]
[Time "13:47:38"]
[TimeControl "600+3"]

1. e4 e5 2. Nf3 Nc6 3. Bb5 a6 4. Ba4 Nf6 5. d4 Nxe4 6. O-O Be7 7. Re1 d5 8.
Nxe5 Bd7 9. Nxd7 Qxd7 10. Nc3 Nxc3 11. bxc3 O-O 12. c4 Bf6 13. c3 Qf5 14.
Bc2 Qd7 15. Qh5 g6 16. Qxd5 Qg4 17. h3 Qh4 18. Ba3 Rfd8 19. Qf3 Qg5 20. Bc1
Qh4 21. g3 Nxd4 22. cxd4 Qxd4 23. Be3 Qc3 24. Bb3 a5 25. Rac1 Qb2 26. Re2
Qe5 27. Bh6 Qd6 28. c5 Qd4 29. Rd1 Qc3 30. Qxc3 Rxd1+ 31. Bxd1 Bxc3 32. Re7
Rc8 33. Bf3 Bf6 34. Rd7 b5 35. Bf4 c6 36. Rd6 Bd4 37. Rxd4 b4 38. Bh6 f5 39.
Rd7 a4 40. Be2 {Black resigns} 1-0

[Event "ICC tourney 1904 (10 3)"]
[Site "Internet Chess Club"]
[Date "2020.07.05"]
[Round "4"]
[White "steinutz"]
[Black "BobbyFissure"]
[Result "1-0"]
[ICCResult "Black resigns"]
[WhiteElo "1586"]
[BlackElo "1432"]
[Opening "Trompowsky attack (Ruth, Opocensk? opening)"]
[ECO "A45"]
[NIC "QP.07"]
[Time "13:48:30"]
[TimeControl "600+3"]

1. d4 Nf6 2. Bg5 e6 3. e3 Be7 4. Nd2 c5 5. c3 b6 6. Ngf3 Bb7 7. Bd3 d5 8.
Ne5 Nbd7 9. f4 Ne4 10. Bxe7 Qxe7 11. Nxe4 dxe4 12. Bb5 Rd8 13. Nxd7 Rxd7 14.
Qa4 Bc8 15. Qxa7 O-O 16. Bxd7 Bxd7 17. O-O cxd4 18. cxd4 Qd6 19. Rfc1 Bb5
20. a3 h5 21. Qc7 Qd5 22. Rc3 Bd3 23. Qxb6 Qf5 24. Qc5 Qg4 25. Re1 Qh4 26.
Rcc1 Ba6 27. Qg5 Qg4 28. Qxg4 hxg4 29. b4 Rb8 30. Rc5 Rb6 31. Kf2 f5 32.
Rec1 Bd3 33. Rc6 Rxc6 34. Rxc6 Kf7 35. Ke1 Kf6 36. g3 g5 37. d5 Bb5 38.
Rxe6+ Kf7 39. fxg5 Bc4 40. Rf6+ Ke7 41. Rxf5 {Black resigns} 1-0

[Event "ICC tourney 1904 (10 3)"]
[Site "Internet Chess Club"]
[Date "2020.07.05"]
[Round "4"]
[White "xiaow"]
[Black "ullchen"]
[Result "1-0"]
[ICCResult "Black forfeits on time"]
[WhiteElo "1400"]
[BlackElo "1469"]
[Opening "Caro-Kann: two knights variation"]
[ECO "B10"]
[NIC "CK.01"]
[Time "13:47:59"]
[TimeControl "600+3"]

1. e4 c6 2. Nf3 d5 3. Nc3 dxe4 4. Nxe4 Nf6 5. Nxf6+ exf6 6. h3 Bd6 7. Bc4
O-O 8. d3 Re8+ 9. Be3 b5 10. Bb3 a5 11. a3 a4 12. Ba2 Be6 13. O-O Bxa2 14.
Rxa2 Nd7 15. Nd4 Rc8 16. Ra1 Be5 17. c3 Bb8 18. Nf5 Ne5 19. d4 Ng6 20. Qf3
Qc7 21. g3 Rcd8 22. Rfe1 Rd5 23. Bd2 Red8 24. h4 Ne5 25. dxe5 Rxd2 26. exf6
R2d7 27. Qg4 g6 28. Qg5 Rd6 29. Nxd6 Qxd6 30. Rad1 Qf8 31. Rxd8 Qxd8 32. Re7
Bd6 33. Qh6 Qf8 34. Re8 {Black forfeits on time} 1-0

[Event "ICC tourney 1904 (10 3)"]
[Site "Internet Chess Club"]
[Date "2020.07.05"]
[Round "4"]
[White "Mitochondria"]
[Black "MIEMBR"]
[Result "0-1"]
[ICCResult "White resigns"]
[WhiteElo "1210"]
[BlackElo "1594"]
[Opening "Nimzo-Indian: classical, Noa variation, main line, 7.Qc2"]
[ECO "E37"]
[NIC "NI.23"]
[Time "13:47:38"]
[TimeControl "600+3"]

1. d4 Nf6 2. c4 e6 3. Nc3 Bb4 4. Qc2 d5 5. a3 Bxc3+ 6. Qxc3 Ne4 7. Qc2 O-O
8. Nf3 b6 9. e3 Bb7 10. Bd3 Nd7 11. O-O c5 12. b4 Rc8 13. Qe2 Ndf6 14. bxc5
bxc5 15. dxc5 Nxc5 16. cxd5 Nxd3 17. Qxd3 Bxd5 18. Rd1 Qc7 19. Qd4 Rfd8 20.
Qe5 Bxf3 21. Rxd8+ Rxd8 22. Bb2 Qxe5 23. Bxe5 Rd1+ 24. Rxd1 Bxd1 25. Kf1 Kf8
26. Ke1 Bb3 27. Ke2 Bc4+ 28. Kd1 Ne4 29. f3 Nf6 30. Kd2 Ke7 31. g3 g6 32.
Kc3 Bd5 33. f4 Ne4+ 34. Kb4 Bb7 35. Ka5 Nd6 36. Bd4 Nc4+ 37. Kb4 Nb6 38.
Bxb6 axb6 39. Kb5 e5 40. fxe5 Ke6 41. Kxb6 Bd5 42. a4 Kxe5 43. a5 Ke4 44. a6
Kxe3 45. Kc5 Bh1 46. a7 Kf2 47. Kd4 Kg1 48. h4 Kh2 49. g4 Kh3 50. h5 gxh5
51. gxh5 Kh4 52. h6 Kh5 53. Ke5 Kxh6 54. Kf6 Ba8 55. Kxf7 Kg5 56. Ke6 h5 57.
Ke5 h4 58. Kd4 h3 59. Ke3 h2 {White resigns} 0-1

[Event "ICC tourney 1904 (10 3)"]
[Site "Internet Chess Club"]
[Date "2020.07.05"]
[Round "4"]
[White "StevChess01"]
[Black "saisneha"]
[Result "0-1"]
[ICCResult "White forfeits on time"]
[WhiteElo "1328"]
[BlackElo "1443"]
[Opening "Nimzo-Indian: Kmoch variation"]
[ECO "E24"]
[NIC "NI.30"]
[Time "13:48:30"]
[TimeControl "600+3"]

1. d4 Nf6 2. c4 e6 3. Nc3 Bb4 4. f3 d5 5. a3 Bxc3+ 6. bxc3 c5 7. e3 Nc6 8.
cxd5 exd5 9. Bd3 O-O 10. Ne2 Re8 11. O-O b6 12. Ng3 Bb7 13. Ra2 Ne7 14. Bb5
Nc6 15. Re2 a6 16. Bd3 c4 17. Bc2 Na5 18. e4 dxe4 19. fxe4 Ng4 20. e5 Nxh2
21. Kxh2 Qh4+ 22. Kg1 Qxg3 23. Bf4 Qg4 24. Bh2 Bd5 25. Bf5 Qg5 26. Ref2 Nc6
27. Bc2 b5 28. Bf4 Qh4 29. Bc1 Nd8 30. Rf4 Qg3 31. Rg4 Qxc3 32. Bh6 Ne6 33.
Bc1 Qa5 34. Rh4 h6 35. Rg4 Qb6 36. Bxh6 Rad8 37. Be3 Bc6
{White forfeits on time}
0-1

[Event "ICC tourney 1904 (10 3)"]
[Site "Internet Chess Club"]
[Date "2020.07.05"]
[Round "4"]
[White "Viking21"]
[Black "mrneale"]
[Result "0-1"]
[ICCResult "White forfeits on time"]
[WhiteElo "1500"]
[BlackElo "1356"]
[Opening "Philidor: Hanham, Schlechter variation"]
[ECO "B07"]
[NIC "VO.17"]
[Time "13:48:29"]
[TimeControl "600+3"]

1. e4 d6 2. d4 Nd7 3. Nc3 e5 4. Bc4 c6 5. Nf3 Be7 6. a4 Ngf6 7. h3 Qc7 8.
Be3 h6 9. Qd2 Nf8 10. Qe2 Be6 11. d5 Bd7 12. b4 Ng6 13. b5 c5 14. a5 O-O 15.
g4 b6 16. a6 Nh7 17. Qd2 Nh4 18. Be2 Ng2+ 19. Kf1 Nxe3+ 20. Qxe3 Bg5 21. Qd3
Bf4 22. Nd1 Ng5 23. h4 Nxf3 24. Qxf3 f6 25. h5 Qc8 26. Nb2 Qe8 27. Nc4 Qe7
28. Rb1 Kh7 29. Rh3 Kg8 30. Bd3 Kh7 31. Qg2 Kg8 32. Rf3 Kh8 33. Rxf4 exf4
34. Qh2 Bxg4 35. Qxf4 Bxh5 36. Nxd6 g5 37. Qg3 Bg6 38. Ra1 Kh7 39. Re1 Qe5
40. Qxe5 fxe5 41. Nc4 Rae8 42. Re3 Rf4 43. Ke1 Kg7 44. d6 Rd8 45. c3 Kf6 46.
Bb1 Bf7 47. Ba2 Bxc4 48. Bxc4 Rxd6 49. Ke2 Ke7 50. Bd5 h5 51. Rg3 g4 52. Ke3
h4 53. Rg1 h3 54. Rh1 Rf3+ 55. Ke2 Rdf6 56. Rh2 g3 57. fxg3 Rxg3 58. Ke1
Rff3 59. c4 Rg2 {White forfeits on time} 0-1

[Event "ICC tourney 1904 (10 3)"]
[Site "Internet Chess Club"]
[Date "2020.07.05"]
[Round "4"]
[White "Lock5"]
[Black "Oliver0731"]
[Result "1-0"]
[ICCResult "Black forfeits on time"]
[WhiteElo "1368"]
[BlackElo "1298"]
[Opening "King's gambit"]
[ECO "C30"]
[NIC "KG.05"]
[Time "13:53:53"]
[TimeControl "600+3"]

1. e4 e5 2. f4 d6 3. Nf3 Nc6 4. Bb5 Bd7 5. d3 Nge7 6. O-O a6 7. Ba4 b5 8.
Bb3 exf4 9. Bxf4 Bg4 10. h3 Bxf3 11. Qxf3 Nd4 12. Qf2 c5 13. Bg3 f6 14. Nc3
a5 15. Nxb5 Nxb5 16. Ba4 Kf7 17. Bxb5 Qb6 18. Bc4+ Ke8 19. a4 Rb8 20. Bb5+
Kf7 21. e5 dxe5 22. Bxe5 Ng6 23. Bxb8 Qxb8 24. Rae1 Ne5 25. Qf5 Bd6 26. c3
{Black forfeits on time}
1-0

[Event "ICC tourney 1904 (10 3)"]
[Site "Internet Chess Club"]
[Date "2020.07.05"]
[Round "4"]
[White "Adhvaith0406"]
[Black "HenriVZ"]
[Result "1-0"]
[ICCResult "Black checkmated"]
[WhiteElo "1405"]
[BlackElo "1405"]
[Opening "Ruy Lopez: closed, 7...O-O"]
[ECO "C88"]
[NIC "RL.17"]
[Time "13:47:50"]
[TimeControl "600+3"]

1. e4 e5 2. Nf3 Nc6 3. Bb5 a6 4. Ba4 Nf6 5. O-O Be7 6. Re1 b5 7. Bb3 O-O 8.
d4 exd4 9. e5 Ne8 10. Bd5 Kh8 11. Nxd4 Bb7 12. Nxc6 Bxc6 13. Bxc6 dxc6 14.
Nc3 Qxd1 15. Rxd1 Rd8 16. Be3 g6 17. Ne4 Ng7 18. Bc5 Bxc5 19. Nxc5 a5 20.
Nb7 Ra8 21. Nc5 Rfd8 22. Kf1 Nf5 23. c3 Kg7 24. Ke2 Rd5 25. Rxd5 cxd5 26.
Rd1 c6 27. f4 Kg8 28. Nb3 a4 29. Nd4 Nxd4+ 30. cxd4 Re8 31. Rc1 Re6 32. Kd3
Kf8 33. Kc3 Ke7 34. Kb4 Kd7 35. Kc5 h6 36. b3 a3 37. b4 Re8 38. Rc3 Ra8 39.
Kb6 Ra4 40. Rb3 h5 41. g3 Ra8 42. Kb7 Ra4 43. h3 h4 44. g4 Kd8 45. Kxc6 Ra7
46. Kxb5 Rc7 47. Rxa3 Rc4 48. Rd3 Rc2 49. a4 Rf2 50. a5 Rxf4 51. a6 Rf1 52.
a7 Ra1 53. Kb6 Ra4 54. b5 Kc8 55. Rf3 Kd7 56. Kb7 Rb4 57. a8=Q Rxb5+ 58. Ka6
Rb1 59. Qxd5+ Kc8 60. Rc3+ Kb8 61. Qd8# {Black checkmated} 1-0

[Event "ICC tourney 1904 (10 3)"]
[Site "Internet Chess Club"]
[Date "2020.07.05"]
[Round "4"]
[White "Zwish"]
[Black "poohfur"]
[Result "1-0"]
[ICCResult "Black resigns"]
[WhiteElo "1110"]
[BlackElo "1300"]
[Opening "Anderssen's opening"]
[ECO "A00"]
[NIC "VO.14"]
[Time "13:48:09"]
[TimeControl "600+3"]

1. a3 e5 2. c4 Nf6 3. e3 Nc6 4. Qc2 a5 5. Be2 Bc5 6. Nf3 d6 7. d3 O-O 8. O-O
Re8 9. Nbd2 Bf5 10. b3 e4 11. dxe4 Nxe4 12. Bd3 Nxd2 13. Bxf5 Nxf1 14. Bxh7+
Kh8 15. Kxf1 Ne5 16. Be4 c6 17. Bb2 Ng4 18. Re1 Qe7 19. Bf5 Ne5 20. Qe2 Qf6
21. Bb1 Qh6 22. h3 Nxf3 23. Qxf3 Kg8 24. Qg4 Rad8 25. Rd1 d5 26. cxd5 cxd5
27. Rc1 Be7 28. Rc7 Bf6 29. Bxf6 Qxf6 30. Qh5 Qh6 31. Qxf7+ Kh8 32. Rxb7 Rf8
33. Qe7 Rde8 34. Qd7 Rxf2+ 35. Kg1 Ref8 36. Bd3 Qg5 37. Qg4 Qxg4 38. hxg4
Rd2 39. Bf5 Re2 40. Re7 Ra2 41. a4 Rb2 42. Rb7 Re8 43. Kh2 Kg8 44. Rb5 Rxe3
45. Bg6 Kf8 46. Rb8+ Ke7 47. Re8+ Kf6 48. Rxe3 Kxg6 49. Kg3 Rd2 50. Re6+ Kf7
51. Ra6 Rd3+ 52. Kf4 Rxb3 53. Rxa5 d4 54. Rd5 d3 55. Ke3 Ra3 56. Rd4 Ke6 57.
g3 Ke5 58. Rb4 Kd6 59. Kd2 Kc5 60. Rf4 g6 61. g5 Rb3 62. Rf3 Kd4 63. Rf6
Rb2+ 64. Kd1 d2 65. Rxg6 Kd3 66. Rd6+ Kc3 67. Ke2 Rb4 68. Rd3+ Kc4 69. Rxd2
Rxa4 70. g6 Ra8 71. Rd7 Rg8 72. g7 Kc5 73. g4 Kc6 74. Ra7 Kd6 75. Kf3 Ke6
76. Kf4 Kf6 77. g5+ Kg6 78. Kg4 Kh7 79. Kh5 Rb8 80. g6+ Kg8 81. Kh6 Rc8 82.
Rf7 Rd8 83. Rf8+ Rxf8 84. gxf8=Q+ Kxf8 85. Kh7 {Black resigns} 1-0

[Event "ICC tourney 1904 (10 3)"]
[Site "Internet Chess Club"]
[Date "2020.07.05"]
[Round "4"]
[White "Nacaroa-Dan"]
[Black "mdbgaccp"]
[Result "1/2-1/2"]
[ICCResult "Game drawn because neither player has mating material"]
[WhiteElo "1525"]
[BlackElo "1573"]
[Opening "Bishop's opening/Petrov: Urusov gambit"]
[ECO "C24"]
[NIC "IG.04"]
[Time "13:48:09"]
[TimeControl "600+3"]

1. e4 e5 2. Bc4 Nf6 3. d4 exd4 4. Nf3 Bc5 5. O-O Nxe4 6. Bd5 Nf6 7. Re1+ Be7
8. Qxd4 O-O 9. Bb3 Nc6 10. Qd3 Na5 11. Bf4 Nxb3 12. axb3 d5 13. Nc3 c6 14.
Re2 Bg4 15. Rae1 Bd6 16. Bg5 h6 17. Bh4 g5 18. Bg3 Bxg3 19. hxg3 Re8 20. Qd4
Rxe2 21. Rxe2 Qd6 22. Re3 c5 23. Qe5 Qxe5 24. Rxe5 Rd8 25. Nd1 Bxf3 26. gxf3
Re8 27. Rxe8+ Nxe8 28. Ne3 Nf6 29. Nf5 h5 30. Nd6 Nd7 31. Nxb7 Kg7 32. Nd6
Kf6 33. Nb5 a6 34. Nc3 Ke5 35. Kf1 Nb6 36. Ne2 f6 37. f4+ Kf5 38. Kg2 a5 39.
fxg5 fxg5 40. Kf3 a4 41. bxa4 Nxa4 42. b3 Nb6 43. Nc3 Ke5 44. Ne2 c4 45. Ke3
cxb3 46. cxb3 h4 47. gxh4 gxh4 48. Nd4 h3 49. f4+ Kf6 50. Kf3 Nd7 51. Kg3
Nc5 52. b4 Nd3 53. b5 Nc5 54. Kxh3 Ke7 55. Kg4 Kf6 56. Nc6 Nb7 57. b6 Nd6
58. f5 Nb7 59. Kf4 Kf7 60. Ke5 Nc5 61. Kxd5 Nb7 62. Ke5 Nc5 63. Nd8+ Ke7 64.
b7 Nd7+ 65. Kf4 Kxd8 66. f6 Kc7 67. f7 Kxb7 68. Kf5 Kc7 69. Ke6 Kd8 70.
f8=Q+ Nxf8+ {Game drawn because neither player has mating material} 1/2-1/2

[Event "ICC tourney 1904 (10 3)"]
[Site "Internet Chess Club"]
[Date "2020.07.05"]
[Round "5"]
[White "mathewjiang"]
[Black "christopherelam"]
[Result "0-1"]
[ICCResult "White resigns"]
[WhiteElo "1153"]
[BlackElo "1362"]
[Opening "Dutch defense, Rubinstein variation"]
[ECO "A84"]
[NIC "HD.10"]
[Time "14:25:33"]
[TimeControl "600+3"]

1. d4 f5 2. c4 e6 3. Nc3 c6 4. Nf3 Nf6 5. Bf4 d5 6. e3 Bd6 7. Bd3 Bxf4 8.
exf4 O-O 9. O-O Ng4 10. h3 Nf6 11. Ne5 Nbd7 12. Re1 Nxe5 13. Rxe5 Qb6 14. c5
Qxb2 15. Qb3 Qxa1+ {White resigns} 0-1

[Event "ICC tourney 1904 (10 3)"]
[Site "Internet Chess Club"]
[Date "2020.07.05"]
[Round "5"]
[White "tigerche207"]
[Black "wolfemonster"]
[Result "1-0"]
[ICCResult "Black resigns"]
[WhiteElo "1524"]
[BlackElo "1439"]
[Opening "Sicilian: Kan variation"]
[ECO "B41"]
[NIC "SI.41"]
[Time "14:25:28"]
[TimeControl "600+3"]

1. e4 c5 2. Nf3 e6 3. d4 cxd4 4. Nxd4 a6 5. Be3 Nf6 6. Bd3 Qc7 7. O-O h5 8.
c4 Bc5 9. Qe2 Ng4 10. g3 Qb6 11. Nc2 Qxb2 12. Bxc5 {Black resigns} 1-0

[Event "ICC tourney 1904 (10 3)"]
[Site "Internet Chess Club"]
[Date "2020.07.05"]
[Round "5"]
[White "atippa"]
[Black "aquilesboy"]
[Result "1/2-1/2"]
[ICCResult "Game drawn by mutual agreement"]
[WhiteElo "1421"]
[BlackElo "1390"]
[Opening "English opening"]
[ECO "A32"]
[NIC "EO.44"]
[Time "14:26:07"]
[TimeControl "600+3"]

1. Nf3 Nf6 2. c4 e6 3. Nc3 c5 4. d4 cxd4 5. Nxd4 Bb4 6. Qc2 Qa5 7. Bd2 Nc6
8. Nxc6 dxc6 9. a3 Bd6 10. Ne4 Qd8 11. Bg5 Qa5+ 12. Bd2 Qd8 13. Bg5 Qa5+
{Game drawn by mutual agreement}
1/2-1/2

[Event "ICC tourney 1904 (10 3)"]
[Site "Internet Chess Club"]
[Date "2020.07.05"]
[Round "5"]
[White "pipandchuk"]
[Black "CastledQueen"]
[Result "0-1"]
[ICCResult "White resigns"]
[WhiteElo "1275"]
[BlackElo "1487"]
[Opening "QP counter-gambit (elephant gambit)"]
[ECO "C40"]
[NIC "KP.10"]
[Time "14:25:26"]
[TimeControl "600+3"]

1. e4 e5 2. Nf3 d5 3. exd5 e4 4. Qe2 Nf6 5. Nc3 Be7 6. Nxe4 O-O 7. d3 Re8 8.
Be3 Ng4 9. O-O-O Nxe3 10. fxe3 f5 11. Nc3 c6 12. dxc6 Nxc6 13. e4 fxe4 14.
Nxe4 Qb6 15. d4 Bf5 16. Ng3 Bg4 17. Qc4+ Kh8 18. Bd3 Bxf3 19. gxf3 Rac8 20.
Qe6 Bg5+ 21. Kb1 Rxe6 22. Ne4 Be7 23. d5 Nb4 24. dxe6 Nxd3 25. Rxd3 Qxe6 26.
Rhd1 Qb6 27. f4 h6 28. f5 Qc6 29. Nc3 Bf6 30. h3 Qb6 31. Na4 Qb5 32. b3 Qe5
33. c3 Qxf5 34. Kb2 b5 35. Rd5 Qxh3 36. Rxb5 Kh7 37. Rbd5 Qg2+ 38. R1d2 Qe4
39. R5d3 Rf8 40. Nc5 Qc6 41. Nd7 Rf7 42. Nxf6+ Rxf6 43. Rg3 Rf3 44. Rxf3
Qxf3 45. b4 g5 46. Rd7+ Kg6 47. a4 g4 48. Rd8 g3 49. b5 g2 50. Kb3 h5 51. a5
h4 52. b6 axb6 53. axb6 h3 54. Rh8 Qd5+ 55. c4 Qd3+ 56. Kb4 Qd2+ 57. Kb5
Qb2+ {White resigns} 0-1

[Event "ICC tourney 1904 (10 3)"]
[Site "Internet Chess Club"]
[Date "2020.07.05"]
[Round "5"]
[White "PawnPower17"]
[Black "JensenUVA"]
[Result "0-1"]
[ICCResult "White resigns"]
[WhiteElo "1348"]
[BlackElo "1467"]
[Opening "Nimzovich-Larsen attack: modern variation"]
[ECO "A01"]
[NIC "VO.08"]
[Time "14:25:26"]
[TimeControl "600+3"]

1. b3 e5 2. Bb2 Nc6 3. e3 d5 4. Bb5 Bd6 5. f4 Qe7 6. Nf3 f6 7. fxe5 fxe5 8.
Nxe5 Bxe5 9. Bxc6+ Kd8 10. Bxe5 Qxe5 11. d4 Qxe3+ 12. Qe2 Qxe2+ 13. Kxe2
bxc6 {White resigns} 0-1

[Event "ICC tourney 1904 (10 3)"]
[Site "Internet Chess Club"]
[Date "2020.07.05"]
[Round "5"]
[White "knighthawkmill"]
[Black "MonkeyTown"]
[Result "1-0"]
[ICCResult "Black checkmated"]
[WhiteElo "1517"]
[BlackElo "1370"]
[Opening "Blackmar-Diemer gambit"]
[ECO "D00"]
[NIC "QP.08"]
[Time "14:25:26"]
[TimeControl "600+3"]

1. d4 d5 2. Nc3 Nf6 3. e4 dxe4 4. f3 exf3 5. Qxf3 e6 6. Bg5 Be7 7. O-O-O O-O
8. Bd3 Nbd7 9. h4 c6 10. Nge2 Nd5 11. Kb1 N7f6 12. g4 h6 13. Bxf6 Bxf6 14.
g5 hxg5 15. hxg5 Bxg5 16. Bh7+ Kh8 17. Be4+ Bh6 18. Nxd5 exd5 19. Bd3 Qf6
20. Rxh6+ Qxh6 21. Rh1 Qxh1+ 22. Qxh1+ Kg8 23. Qh7# {Black checkmated} 1-0

[Event "ICC tourney 1904 (10 3)"]
[Site "Internet Chess Club"]
[Date "2020.07.05"]
[Round "5"]
[White "hursha6b5"]
[Black "Nacaroa-Dan"]
[Result "1-0"]
[ICCResult "Black resigns"]
[WhiteElo "1670"]
[BlackElo "1487"]
[Opening "Scandinavian: Kiel variation"]
[ECO "B01"]
[NIC "SD.03"]
[Time "14:25:27"]
[TimeControl "600+3"]

1. e4 d5 2. exd5 Nf6 3. d4 Nxd5 4. c4 Nb4 5. a3 N4c6 6. Nf3 e6 7. Nc3 g6 8.
Be3 Bg7 9. Qd2 O-O 10. h4 e5 11. d5 Ne7 12. h5 Bg4 13. hxg6 fxg6 14. Bh6
Bxf3 15. Bxg7 Rf7 16. Bxe5 Nd7 17. Bd4 Bg4 18. f3 Nf5 19. fxg4 Nxd4 20. Qxd4
Qg5 21. Qd2 Re8+ 22. Be2 Qxg4 23. O-O-O Qg3 24. Bf3 Nc5 25. Kb1 Rfe7 26. d6
cxd6 27. Qxd6 Qxd6 28. Rxd6 Nd3 29. Rxd3 {Black resigns} 1-0

[Event "ICC tourney 1904 (10 3)"]
[Site "Internet Chess Club"]
[Date "2020.07.05"]
[Round "5"]
[White "albli"]
[Black "blackmanrook"]
[Result "1-0"]
[ICCResult "Black checkmated"]
[WhiteElo "1613"]
[BlackElo "1672"]
[Opening "Caro-Kann defense"]
[ECO "B15"]
[NIC "CK.05"]
[Time "14:25:55"]
[TimeControl "600+3"]

1. e4 c6 2. d4 d5 3. Nc3 e6 4. e5 Ne7 5. f4 a6 6. Nf3 c5 7. dxc5 Nec6 8. Be3
Nd7 9. Na4 Qa5+ 10. c3 Be7 11. b4 Qc7 12. Bd3 h6 13. Nd4 Ncxe5 14. fxe5 Qxe5
15. Qe2 Bh4+ 16. g3 Bf6 17. O-O a5 18. Qf3 Qc7 19. Nb5 Qd8 20. Nd6+ Ke7 21.
a3 Ne5 22. Qe2 Nxd3 23. Qxd3 Bd7 24. Nb6 Ra6 25. b5 Rxb6 26. cxb6 Kxd6 27.
c4 Bxa1 28. Rxf7 Rf8 29. c5+ Ke5 30. Bf4# {Black checkmated} 1-0

[Event "ICC tourney 1904 (10 3)"]
[Site "Internet Chess Club"]
[Date "2020.07.05"]
[Round "5"]
[White "Aidenrchess"]
[Black "NSXchessplayer"]
[Result "0-1"]
[ICCResult "White checkmated"]
[WhiteElo "1433"]
[BlackElo "1405"]
[Opening "Giuoco Piano"]
[ECO "C50"]
[NIC "IG.02"]
[Time "14:25:16"]
[TimeControl "600+3"]

1. e4 e5 2. Nf3 Nc6 3. Bc4 Bc5 4. O-O Nf6 5. d3 h6 6. c3 d6 7. Nbd2 a5 8. a4
O-O 9. h3 Be6 10. Re1 Bxc4 11. Nxc4 Re8 12. Be3 Bxe3 13. Nxe3 Ne7 14. Qc2 c6
15. d4 Ng6 16. Nf5 Qc7 17. Rad1 Rad8 18. g3 Ne7 19. N3h4 Nxf5 20. Nxf5 exd4
21. cxd4 d5 22. e5 Ne4 23. Rxe4 dxe4 24. Qxe4 c5 25. Nd6 Qxd6 26. exd6 Rxe4
27. dxc5 Rxa4 28. Rd2 Rc4 29. Rd5 a4 30. Kf1 Rc2 31. Re5 Rxb2 32. Re7 a3 33.
d7 Kf8 34. Re1 Rxd7 35. c6 bxc6 36. Ra1 a2 37. Rc1 Rb1 38. Rxb1 axb1=Q+ 39.
Kg2 Qe4+ 40. Kh2 Rd1 41. f3 Qxf3 42. h4 Rh1# {White checkmated} 0-1

[Event "ICC tourney 1904 (10 3)"]
[Site "Internet Chess Club"]
[Date "2020.07.05"]
[Round "5"]
[White "CheddarCheng1"]
[Black "jojoraman"]
[Result "1-0"]
[ICCResult "Black checkmated"]
[WhiteElo "1355"]
[BlackElo "1150"]
[Opening "Giuoco Piano"]
[ECO "C54"]
[NIC "IG.02"]
[Time "14:25:05"]
[TimeControl "600+3"]

1. e4 e5 2. Nf3 Nc6 3. Bc4 Bc5 4. c3 Nf6 5. d3 h6 6. O-O Bb6 7. b4 a6 8. Qb3
O-O 9. Be3 Bxe3 10. fxe3 b5 11. Bd5 Qe7 12. Nbd2 a5 13. d4 axb4 14. cxb4
Nxd5 15. exd5 Nxb4 16. Nxe5 Bb7 17. d6 cxd6 18. Qxb4 Ra4 19. Qxb5 Bc6 20.
Nxc6 Qxe3+ 21. Kh1 dxc6 22. Qxa4 Qxd2 23. Qxc6 Qxd4 24. a4 Qa7 25. a5 Ra8
26. a6 Rb8 27. Qxd6 Rb6 28. Qd8+ Kh7 29. Qd3+ Kg8 30. Qd4 Rxa6 31. Qxa7 Rxa7
32. Rxa7 Kh7 33. Rfxf7 Kg8 34. Rxg7+ Kf8 35. Rgb7 Kg8 36. Ra8#
{Black checkmated}
1-0

[Event "ICC tourney 1904 (10 3)"]
[Site "Internet Chess Club"]
[Date "2020.07.05"]
[Round "5"]
[White "chesslead"]
[Black "NonnaThat"]
[Result "1/2-1/2"]
[ICCResult "Game drawn by mutual agreement"]
[WhiteElo "1586"]
[BlackElo "1849"]
[Opening "Sicilian: Najdorf, 6.Bg5"]
[ECO "B94"]
[NIC "SI.04"]
[Time "14:25:20"]
[TimeControl "600+3"]

1. e4 c5 2. Nf3 d6 3. d4 cxd4 4. Nxd4 Nf6 5. Nc3 a6 6. Bg5 e5 7. Nb3 Be6 8.
Be2 Be7 9. O-O O-O 10. f4 Qc7 11. f5 Bc4 12. Bxc4 Qxc4 13. Qd2 Nbd7 14. Rae1
Rac8 15. Rf3 b5 16. Rg3 b4 17. Bh6 Nh5 18. Nd5 Bd8 19. Rh3 Ndf6 20. Nxf6+
{Game drawn by mutual agreement}
1/2-1/2

[Event "ICC tourney 1904 (10 3)"]
[Site "Internet Chess Club"]
[Date "2020.07.05"]
[Round "5"]
[White "PearsonH"]
[Black "Sricharan07"]
[Result "0-1"]
[ICCResult "White resigns"]
[WhiteElo "1416"]
[BlackElo "1573"]
[Opening "Queen's pawn: London system"]
[ECO "A45"]
[NIC "QP.07"]
[Time "14:25:38"]
[TimeControl "600+3"]

1. d4 Nf6 2. Bf4 d5 3. e3 c5 4. c3 Nc6 5. Nf3 cxd4 6. exd4 Bf5 7. Bd3 Bxd3
8. Qxd3 e6 9. Nbd2 Be7 10. O-O O-O 11. h3 a6 12. Rfe1 Rc8 13. Ne5 Nd7 14.
Ndf3 Ncxe5 15. Nxe5 Nxe5 16. Bxe5 Bf6 17. Bxf6 Qxf6 18. Re3 b5 19. Rae1 Qg6
20. Qxg6 hxg6 21. Kf1 Rc4 22. a3 Rfc8 23. Ke2 a5 24. Kd2 b4 25. axb4 axb4
26. f4 Ra8 27. g4 Ra2 28. Kc2 bxc3 29. Rxc3 Rxd4 30. f5 gxf5 31. gxf5 exf5
32. Re5 g6 33. Kb3 Ra8 34. Rc5 Rb8+ 35. Kc3 Rh4 36. Re3 d4+ {White resigns}
0-1